 Dungeon Crawl Stone Soup version 0.29-a0-275-g389c0b56f3 (webtiles) character file.

Game seed: 14929486488161133769

39 spaghetti the Ruffian (level 3, -1/45 HPs)
             Began as a Demigod Fighter on Mar 11, 2022.
             Slain by a goblin
             ... wielding a +2 dagger of speed
             ... led by Robin
              (2 damage)
             ... on level 1 of the Dungeon.
             The game lasted 00:02:52 (1782 turns).

spaghetti the Ruffian (Demigod Fighter)             Turns: 1782, Time: 00:02:53

Health: -1/45      AC:  6    Str: 21    XL:     3   Next: 11%
Magic:  5/5        EV:  6    Int: 10    God:
Gold:   40         SH:  4    Dex: 13    Spells: 2/2 levels left

rFire   . . .      SeeInvis .     - Unarmed
rCold   . . .      Faith    .   b - +0 buckler
rNeg    . . .      Spirit   .   a - +0 scale mail
rPois   .          Reflect  .   (no helmet)
rElec   .          Harm     .   (no cloak)
rCorr   .          Rampage  .   (no gloves)
Will    .....                   (no boots)
Stlth   ..........              (no amulet)
HPRegen 0.15/turn               (no ring)
MPRegen 0.09/turn               (no ring)

@: mighty, berserking, constricted, very quick
A: high MP 1, forlorn, divine attributes
a: no special abilities


You were on level 1 of the Dungeon.
You visited 1 branch of the dungeon, and saw 2 of its levels.

You collected 40 gold pieces.


Innate Abilities, Weirdness & Mutations

You have an increased reservoir of magic. (+10% MP)
You shall have no god before yourself.
Your divine heritage dramatically boosts your attributes as you level up.


   Skills:
 - Level 2.7 Fighting
 - Level 2.7 Armour
 - Level 2.7 Shields
 + Level 3.3 Unarmed Combat


You had 2 spell levels left.
You didn't know any spells.
Your spell library contained the following spells:

 Spells                   Type           Power      Damage    Failure   Level
 Ensorcelled Hibernation  Hex/Ice        0%         N/A       91%         2
 Passwall                 Tmut/Erth      0%         N/A       91%         2
 Swiftness                Air            0%         N/A       99%         3

Inventory:

Hand Weapons
 d - a +0 hunting sling {sling}
   (You found it on level 1 of the Dungeon)
 e - a +0 hand axe {axe}
   (You found it on level 1 of the Dungeon)
 j - a +0 dagger {short}
   (You took it off a kobold on level 1 of the Dungeon)
 k - a +0 dagger {short}
   (You took it off a goblin on level 1 of the Dungeon)
 l - a +0 whip {mace}
   (You took it off a kobold on level 1 of the Dungeon)
Missiles
 m - 3 stones (quivered) {throwing}
 n - 5 poisoned darts {throwing}
Armour
 a - a +0 scale mail (worn)
 b - a +0 buckler (worn)
Scrolls
 i - a scroll of identify {unknown}
Potions
 f - a potion of curing {unknown}
 g - a potion of haste {unknown}
 h - 3 potions of berserk rage {!q}

Dungeon Overview and Level Annotations

Branches:
Dungeon (2/15)

Annotations:
D:2 Robin

#########
#.......##
#........#
#....))S.#
########
#[...g@†>#
#......#
#....ggg.#
#......#
#........#
###......###
#........#
#...........
#........#
#.#......###
###.####.#
#.#.........
#.# #.#
#.#......###
#.# #.#
#.#...######
#.# #.#
#.###.......


You could see a hobgoblin (strong), 3 goblins and a ball python.


Message History

You punch the goblin!
You kill the goblin!
The goblin hits you but does no damage. The goblin barely misses you.
You barely miss the goblin.
The goblin hits you but does no damage. x2
You punch the goblin!
You kill the goblin!
The goblin hits you with a +0 dagger. 😮 HP[-2]
You take 2 damage, and now have 16/30 hp.
You hit the goblin.
You kill the goblin!
Things that are here:
a +0 dagger {short}; a goblin corpse; 😮 HP[+1] Key pressed, stopping explore.
Key pressed, stopping explore.
Key pressed, stopping explore.
Things that are here:
a +0 dagger {short}; a goblin corpse; 😎 HP[+13]
Your hp is fully restored (30).
Things that are here:
a +0 dagger {short}; a +0 hunting sling {sling}; a goblin corpse
Things that are here:
a +0 club {mace}; a goblin corpse
(D) Dungeon
Where to? (Enter - D:2, ? - help)
There is a stone staircase leading down here.
You climb downwards.
Level annotation: Robin The ball python bites you but does no damage.
The ball python grabs you. The ball python constricts you.
Robin throws the goblin at you! The goblin hits you with a +0 club.
The hobgoblin hits you. The goblin hits you with a +0 club.
The goblin hits you but does no damage.
The goblin hits you with a +2 dagger of speed.
You block the ball python's attack. The ball python constricts you.
The goblin hits you but does no damage.
The hobgoblin hits you but does no damage.
Robin roars a battlecry!
The goblins go into a battle-frenzy!
The goblin hits you but does no damage.
There is a stone staircase leading up here. 😮 HP[-9]
You take 9 damage, and now have 21/30 hp.
MASSIVE DAMAGE!! (PAUSE) Unknown command.
You escape the ball python's grasp.
The goblin hits you but does no damage. The hobgoblin barely misses you.
The goblin hits you but does no damage. The goblin hits you with a +0 club.
The ball python bites you but does no damage.
The ball python grabs you.
You stop ascending the stairs.
The ball python constricts you.
The goblin hits you with a +2 dagger of speed.
* * * LOW HITPOINT WARNING * * *
😨 HP[-7]
You take 7 damage, and now have 14/30 hp.
MASSIVE DAMAGE!! (PAUSE)
You escape the ball python's grasp.
The goblin hits you with a +2 dagger of speed.
* * * LOW HITPOINT WARNING * * *
The hobgoblin barely misses you. The goblin closely misses you.
The goblin hits you with a +0 club.
* * * LOW HITPOINT WARNING * * *
The hobgoblin hits you but does no damage.
You climb upwards.
There is a stone staircase leading down here. 😨 HP[-4]
You take 4 damage, and now have 10/30 hp.
Unknown command.
Unknown command.
You feel very mighty all of a sudden.
The ball python bites you but does no damage.
The ball python grabs you. The ball python constricts you.
* * * LOW HITPOINT WARNING * * *
The goblin hits you but does no damage. The goblin closely misses you.
The goblin hits you with a +0 club.
* * * LOW HITPOINT WARNING * * *
The hobgoblin hits you but does no damage.
The goblin hits you with a +2 dagger of speed.
* * * LOW HITPOINT WARNING * * *
😱 HP[-7]
You take 7 damage, and now have 3/30 hp.
MASSIVE DAMAGE!! (PAUSE)
Okay, then.
It was a potion of berserk rage.
A red film seems to cover your vision as you go berserk!
You feel yourself moving faster!
You feel mighty!
The ball python bites you but does no damage.
The ball python constricts you.
* * * LOW HITPOINT WARNING * * *
You block the goblin's attack. x2; The ball python barely misses you.
The ball python constricts you. The hobgoblin barely misses you.
The goblin hits you with a +0 club.
* * * LOW HITPOINT WARNING * * *
😱 HP[-2]
You now have 45 max hp (+15).
You barely miss the ball python.
The goblin hits you with a +2 dagger of speed.
You die...

Skill      XL: |  1  2 |
---------------+-------+-----
Unarmed Combat | 2 3 |  3.3
Fighting       | |  2.7
Armour         | |  2.7
Shields        | |  2.7

Action                   || total
-------------------------++-------
Melee: Unarmed           ||   144
Throw: Stone             ||    17
  Use: Potion            ||     2
Armor: Scale mail        ||    77
Dodge: Dodged            ||    58
Block: Buckler           ||    35

Levels and vault maps discovered:
D:1:      roderic_octagonal_star, layout_basic,
          shapermc_ecumenical_altar_mp_ritualfount
D:2:      layout_basic, uniq_crazy_yiuf_cottage, uniq_sigmund, uniq_robin

Notes
Turn   | Place    | Note
-------+----------+-------------------------------------------
     0 | D:1      | spaghetti the Demigod Fighter began the quest for the Orb.
     0 | D:1      | Reached XP level 1. HP: 18/18 MP: 3/3
     0 | D:1      | magus.rc [v1.9.6]
    51 | D:1      | HP: 4/18 [frozen (4)]
   341 | D:1      | Reached skill level 2 in Unarmed Combat
   789 | D:1      | Reached XP level 2. HP: 25/25 MP: 4/4
   968 | D:1      | Reached skill level 3 in Unarmed Combat
  1321 | D:1      | You pick up a book of Burglary and begin reading...
  1321 | D:1      | You add the spells Passwall, Ensorcelled Hibernation and
                  | Swiftness to your library.
  1622 | D:2      | Noticed Robin
  1629 | D:1      | Reached XP level 3. HP: 29/30 MP: 5/5
  1780 | D:1      | HP: 6/30 [goblin/+0 club[Robin] (3)]
  1781 | D:1      | HP: 1/45 [goblin/+0 club[Robin] (3)]
  1782 | D:1      | Slain by a goblin

Vanquished Creatures
  A ball python (D:1)
  An endoplasm (D:1)
  2 giant cockroaches (D:1)
  6 goblins (D:1)
  7 hobgoblins (D:1)
  3 jackals (D:1)
  2 quokkas (D:1)
  3 bats (D:1)
  2 frilled lizards (D:1)
  2 kobolds (D:1)
  4 rats (D:1)
33 creatures vanquished.

Vanquished Creatures (others)
  A plant (D:1)
1 creature vanquished.

Grand Total: 34 creatures vanquished

Table legend:
 A = Non-vault XP
 B = Vault XP
 C = Vault XP percentage of total XP
 D = Non-vault monster count
 E = Vault monster count
 F = Vault count percentage of total count
                 A         B        C        D         E       F
            +---------+---------+-------+---------+---------+-------
      Total |      45 |      11 |  19.6 |      27 |       6 |  18.2
            +---------+---------+-------+---------+---------+-------
        D:1 |      45 |      11 |  19.6 |      27 |       6 |  18.2
            +---------+---------+-------+---------+---------+-------

Illustrated notes

Table legend:
 A = Kills in this place as a percentage of kills in entire the game.
 B = Kills by you in this place as a percentage of kills by you in the entire game.
 C = Kills by friends in this place as a percentage of kills by friends in the entire game.
 D = Other kills in this place as a percentage of other kills in the entire game.
 E = Experience gained in this place as a percentage of experience gained in the entire game.
 F = Experience gained in this place divided by the number of levels of this place that you have seen.
                   A       B       C       D       E      F
               +-------+-------+-------+-------+-------+----------------------
         Total | 100.0 | 100.0 |   N/A |   N/A | 100.0 |  28.0
       Dungeon | 100.0 | 100.0 |   N/A |   N/A | 100.0 |  28.0
               +-------+-------+-------+-------+-------+----------------------

Table legend: (Time is in decaauts)
 A = Elapsed time spent in this place.
 B = Non-inter-level travel time spent in this place.
 C = Inter-level travel time spent in this place.
 D = Time resting spent in this place.
 E = Time spent auto-exploring this place.
 F = Levels seen in this place.
 G = Mean time per level.
                   A        B        C        D        E       F      G
               +--------+--------+--------+--------+--------+-----+--------+
         Total |   1787 |   1676 |    111 |    324 |   1090 |   2 |  893.5 |
       Dungeon |   1787 |   1676 |    111 |    324 |   1090 |   2 |  893.5 |
               +--------+--------+--------+--------+--------+-----+--------+

Top non-repeatable levels by time:
     D:1: 1778 daAuts
     D:2: 8 daAuts
